 Dungeon Crawl Stone Soup version 0.26-a0-752-gcff87cac9a (webtiles) character file.

Game seed: 10152894652973869045

2843 iamoutofideas the Geomancer (level 9, -6/49 HPs)
             Began as a Gargoyle Earth Elementalist on Nov 6, 2020.
             Mangled by an orc warrior
             ... wielding a +0 glaive
              (18 damage)
             ... on level 6 of the Dungeon.
             The game lasted 00:13:54 (9687 turns).

iamoutofideas the Geomancer (GrEE)                  Turns: 9687, Time: 00:13:55

Health: -6/49      AC:  8    Str: 13    XL:     9   Next: 74%
Magic:  18/19      EV: 13    Int: 18    God:
Gold:   407        SH:  0    Dex: 10    Spells: 12/22 levels left

rFire    + + .     SeeInvis .   w - +0 whip (elec)
rCold    x . .     Faith    .   (no shield)
rNeg     + . .     Spirit   .   c - +0 robe
rPois    ∞         Reflect  .   (no helmet)
rElec    +         Harm     .   (no cloak)
rCorr    .         Rampage  .   (no gloves)
MR       .....                  (no boots)
Stlth    ++........             (no amulet)
HPRegen  0.16/turn              i - ring of protection from fire
MPRegen  0.16/turn              k - ring of fire

@: no status effects
A: negative energy resistance 1, electricity resistance, unbreathing,
petrification resistance, rot immunity, AC +6
a: no special abilities


You were on level 6 of the Dungeon.
You visited 2 branches of the dungeon, and saw 7 of its levels.

You collected 407 gold pieces.

Inventory:

Hand Weapons
 w - a +0 whip of electrocution (weapon)
Missiles
 b - 6 stones (quivered)
Armour
 c - a +0 robe (worn)
Jewellery
 i - a ring of protection from fire (left hand)
 k - a ring of fire (right hand)
 n - an uncursed amulet of faith
 x - a cursed ring of attention {unknown}
 y - a cursed ring of see invisible {unknown}
Scrolls
 a - 2 scrolls of magic mapping {unknown}
 e - a scroll of remove curse {unknown}
 f - a scroll of random uselessness {unknown}
 g - 2 scrolls of enchant armour {unknown}
 j - a scroll of noise {unknown}
 l - 2 scrolls of amnesia {unknown}
 m - 2 scrolls of teleportation {unknown}
 o - 5 scrolls of identify {unknown}
Potions
 d - 3 potions of curing
 h - 2 potions of brilliance {unknown}
 p - 2 potions of haste
 q - a potion of berserk rage {unknown}
 r - a potion of heal wounds
 s - a potion of magic {unknown}
 t - 2 potions of attraction {unknown}
 u - a potion of resistance
 v - a potion of ambrosia {unknown}
 z - a potion of might {unknown}


   Skills:
 + Level 2.3 Fighting
 + Level 3.9 Dodging
 - Level 2.4 Stealth
 + Level 7.0 Spellcasting
 * Level 6.8 Conjurations
 + Level 0.7 Transmutations
 + Level 9.3 Earth Magic


You had 12 spell levels left.
You knew the following spells:

 Your Spells              Type           Power        Failure   Level
a - Sandblast             Erth           #####.       1%          1
b - Passwall              Tmut/Erth      ###.....     1%          2
c - Stone Arrow           Conj/Erth      #####.       1%          3
d - Petrify               Tmut/Erth      ###.....     14%         4

Your spell library contained the following spells:

 Spells                   Type           Power        Failure   Level
 Lee's Rapid Deconstruct  Erth           #####.....   7%          5


Dungeon Overview and Level Annotations

Branches:
Dungeon (6/15)             Temple (1/1) D:6

Altars:
Cheibriados
Dithmenos
Elyvilon
Fedhas
Gozag
Hepliaklqana
Makhleb
Okawaru
Ru
Sif Muna
Trog
Uskayaw
Wu Jian
Xom
Yredelemnul
The Shining One


Innate Abilities, Weirdness & Mutations

You are resistant to torment.
Your stone body is resilient. (AC +6)
You are immune to poison.
You resist negative energy. (rN+)
You are resistant to electric shocks. (rElec)
You can survive without breathing.
You are immune to petrification.
You are immune to rotting.


Message History

Aiming: Stone Arrow (safe; 1% risk of failure)
Press: ? - help, Shift-Dir - straight line, f - orc
Aim: an orc, wielding a +0 dagger and wearing a +0 ring mail The stone arrow hits the orc!
You kill the orc!
Casting: Stone Arrow (safe; 1% risk of failure)
Confirm with . or Enter, or press ? or * to list all spells.
Aiming: Stone Arrow (safe; 1% risk of failure)
Press: ? - help, Shift-Dir - straight line, f - orc warrior
Aim: an orc warrior, wielding a +0 glaive and wearing a +0 chain mail The stone arrow hits the orc warrior.
The orc warrior is moderately wounded.
The orc warrior hits you from afar with a +0 glaive!
* * * LOW HITPOINT WARNING * * *
An orc warrior is nearby!
Things that are here:
a +3 spear; a +0 robe
There is a stone staircase leading up here.
The orc warrior hits you from afar with a +0 glaive!!
You die...

##....#..##...## ##..##..##..
#....#.........# ###'##..##..
#....#.........# #....#..#...
#....#........#######...#..+...
#....#........##...##...#..#...
####...##..###..##........#..#...
..##...###+###..##...#######.###.
..#.....'........#...##..###.###.
..'.....#....)o.@'..).#........+.
..#.....#........#....#........#.
#####..####.########.####.###)##.
..#########.########.# #.###
...................#.. #....
...................#... #....
...................#...# #.).)
...##....##...##..###..# #<##.
...##....##...##..###########.##.


You could see an orc warrior.

Vanquished Creatures
  Pikel (D:5)
  Grinder (D:6)
  Edmund (D:5)
  Duvessa (D:6)
  A water moccasin (D:5)
  2 orc warriors (D:5)
  A sky beast (D:6)
  4 ogres
  A phantom (D:3)
  A centaur (D:6)
  2 lemures
  Dowan (D:6)
  8 wights
  A howler monkey (D:5)
  A quasit (D:5)
  A bullfrog zombie (D:5)
  2 jellies (D:5)
  2 orc priests
  2 iguanas
  6 orc wizards
  4 worker ants
  A worker ant zombie (D:5)
  A howler monkey skeleton (D:5)
  4 adders
  A white imp (D:5)
  An ooze (D:4)
  An adder skeleton (D:3)
  An adder zombie (D:5)
  A worm (D:4)
  2 dart slugs
  3 leopard geckos
  26 orcs
  3 bats
  2 giant cockroaches
  3 goblins
  7 hobgoblins
  9 jackals
  5 kobolds
  2 quokkas
  2 frilled lizards (D:5)
  2 leopard gecko skeletons
  9 rats
130 creatures vanquished.

Vanquished Creatures (others)
  A wizard (D:4)
1 creature vanquished.

Grand Total: 131 creatures vanquished

Notes
Turn   | Place    | Note
-------+----------+-------------------------------------------
     0 | D:1      | iamoutofideas the Gargoyle Earth Elementalist began the
                  | quest for the Orb.
     0 | D:1      | Reached XP level 1. HP: 10/10 MP: 3/3
   333 | D:1      | Reached XP level 2. HP: 11/15 MP: 0/5
   741 | D:1      | Reached skill level 4 in Earth Magic
  1286 | D:2      | Reached XP level 3. HP: 19/19 MP: 3/6
  1507 | D:2      | Found a faded altar of an unknown god.
  1909 | D:2      | Learned a level 2 spell: Passwall
  1913 | D:2      | Learned a level 3 spell: Stone Arrow
  2072 | D:3      | Reached XP level 4. HP: 21/24 MP: 4/8
  2305 | D:3      | Noticed a phantom
  2311 | D:3      | Reached skill level 5 in Earth Magic
  2311 | D:3      | Reached XP level 5. HP: 23/28 MP: 3/9
  2416 | D:3      | Killed a phantom
  2599 | D:3      | Found a shimmering altar of Xom.
  3108 | D:3      | Reached XP level 6. HP: 21/33 MP: 11/11
  3398 | D:3      | Found a snail-covered altar of Cheibriados.
  3398 | D:3      | Found a white marble altar of Elyvilon.
  3591 | D:4      | Learned a level 4 spell: Petrify
  3727 | D:4      | Reached skill level 1 in Fighting
  3945 | D:4      | Found a hide-covered altar of Uskayaw.
  3958 | D:4      | Found an opulent altar of Gozag.
  3993 | D:4      | Reached skill level 6 in Earth Magic
  4183 | D:4      | Found a bloodstained altar of Trog.
  4184 | D:4      | Noticed a wizard
  4190 | D:4      | Killed a wizard
  4824 | D:4      | Reached XP level 7. HP: 31/38 MP: 9/13
  5073 | D:5      | Entered Level 5 of the Dungeon
  5079 | D:5      | Reached skill level 1 in Conjurations
  5587 | D:5      | Reached skill level 5 in Spellcasting
  5758 | D:5      | Reached XP level 8. HP: 31/43 MP: 0/15
  5877 | D:5      | Reached skill level 7 in Earth Magic
  6945 | D:5      | Found a shimmering blue altar of Sif Muna.
  7287 | D:6      | Found a staircase to the Ecumenical Temple.
  7300 | Temple   | Entered the Ecumenical Temple
  7476 | D:6      | Noticed Edmund
  7482 | D:6      | Noticed Pikel
  7791 | D:5      | Killed Pikel
  7791 | D:5      | Reached skill level 5 in Conjurations
  7791 | D:5      | Reached skill level 8 in Earth Magic
  7791 | D:5      | Reached XP level 9. HP: 48/48 MP: 1/18
  7915 | D:5      | Killed Edmund
  9115 | D:6      | Reached skill level 9 in Earth Magic
  9314 | D:6      | Noticed Grinder
  9321 | D:6      | Killed Grinder
  9507 | D:6      | Noticed Dowan
  9508 | D:6      | Noticed Duvessa
  9513 | D:6      | Killed Dowan
  9522 | D:6      | Killed Duvessa
  9687 | D:6      | Mangled by an orc warrior

Illustrated notes

Levels and vault maps discovered:
D:1:      wheals_arrival_linesprint, layout_basic, due_unseen_surprise
D:2:      layout_basic, chequers_ecumenical_altar_grove
D:3:      layout_loops_ring, lemuel_doored_altar,
          amethyst_overflow_temple_binary, serial_undead, serial_undead_b,
          serial_undead_e, serial_undead_c, serial_undead_b
D:4:      layout_loops_ring, overflow_temple_1_default,
          overflow_temple_1_default, kennysheep_cluttered_room,
          hangedman_decor_clover_reticule, trog_wizard
D:5:      layout_basic, nicolae_overflow_hidden_temple
D:6:      layout_gridville, zin_statuary, minmay_temple_entry_waves,
          hangedman_decor_slide_cut, uniq_edmund, uniq_pikel, uniq_duvessa,
          uniq_menkaure, uniq_grinder
Temple:   eino_temple_lava

Skill      XL: |  1  2  3  4  5  6  7  8  9 |
---------------+----------------------------+-----
Earth Magic    | 4 5 6 8 9 |  9.3
Dodging        | 2 3 |  3.9
Spellcasting   | 3 4 5 6 7 |  7.0
Fighting       | 1 2 |  2.3
Conjurations   | 2 5 6 |  6.8
Stealth        | |  2.4
Transmutations | |  0.7

Action                   |  1- 3 |  4- 6 |  7- 9 || total
-------------------------+-------+-------+-------++-------
Melee: Unarmed           |    16 |   246 |    53 ||   315
       Whip              |       |       |    20 ||    20
 Cast: Sandblast         |    42 |    48 |    22 ||   112
       Stone Arrow       |       |       |   116 ||   116
  Use: Potion            |       |     5 |       ||     5
 Stab: Sleeping          |       |     2 |       ||     2
Armor: Robe              |     7 |    65 |    48 ||   120
Dodge: Dodged            |    17 |   173 |   110 ||   300

Table legend: (Time is in decaauts)
 A = Elapsed time spent in this place.
 B = Non-inter-level travel time spent in this place.
 C = Inter-level travel time spent in this place.
 D = Time resting spent in this place.
 E = Time spent auto-exploring this place.
 F = Levels seen in this place.
 G = Mean time per level.
                   A        B        C        D        E       F      G
               +--------+--------+--------+--------+--------+-----+--------+
         Total |   9694 |   9398 |    296 |   3585 |   4180 |   7 | 1384.9 |
       Dungeon |   9534 |   9243 |    291 |   3585 |   4072 |   6 | 1589.0 |
        Temple |    160 |    155 |      5 |      0 |    108 |   1 |  160.0 |
               +--------+--------+--------+--------+--------+-----+--------+

Top non-repeatable levels by time:
     D:5: 3175 daAuts
     D:3: 1673 daAuts
     D:4: 1561 daAuts
     D:1: 1139 daAuts
     D:6: 1068 daAuts
     D:2: 916 daAuts
  Temple: 160 daAuts
